 Seeded DCSS version 0.24.0 (webtiles) character file.

Game seed: 84692282672, levelgen mode: deterministic

17880 Kranky the Spear-Bearer (level 12, -11/115 HPs)
             Began as a Centaur Chaos Knight on Aug 18, 2020.
             Was a Plaything of Xom.
             Mangled by an entropy weaver (14 damage)
             ... on level 3 of the Lair of Beasts.
             The game lasted 00:49:56 (16086 turns).

Kranky the Spear-Bearer (Centaur Chaos Knight)     Turns: 16086, Time: 00:49:57

Health: -11/115    AC: -1    Str: 22    XL:     12   Next: 22%
Magic:  12/12      EV: 10    Int: 13    God:    Xom [....*.]
Gold:   1043       SH:  0    Dex: 11    Spells: 8/11 levels left

rFire    x . .     SeeInvis .   H - +4 halberd (flame)
rCold    + . .     Gourm    .   (shield currently unavailable)
rNeg     . . .     Faith    .   e - +3 ring mail {MR+}
rPois    .         Spirit   .   x - +1 hat
rElec    .         Reflect  .   (no cloak)
rCorr    .         Harm     .   (no gloves)
MR       ++...     Clarity  +   (no barding)
Stlth    ..........             (no amulet)
HPRegen  0.29/turn              p - ring of ice
MPRegen  0.13/turn              q - ring of protection from magic

@: corroded, very quick
A: large, hooves 3, horns 1, repulsion field 1, agile 1, clarity, clever 1,
deformed body, speed 2, sense surroundings 1, shaggy fur 1, strong 1, tough skin
3, wild magic 1, MP-powered wands
a: Renounce Religion


You were on level 3 of the Lair of Beasts.
You worshipped Xom.
You were a beloved toy of Xom.
You were not hungry.

You visited 2 branches of the dungeon, and saw 15 of its levels.

You collected 1043 gold pieces.

Inventory:

Hand Weapons
 a - a +0 spear of chaos
 i - a +2 whip of venom
 G - a +0 trident of venom
 H - a +4 halberd of flaming (weapon)
 K - a cursed +4 trident
 M - the cursed +0 hand axe of Ehemomasm {venom, rC+ MR+ Str+2}
   (You found it on level 10 of the Dungeon)

   It poisons the flesh of those it strikes.
   It affects your strength (+2).
   It protects you from cold.
   It affects your resistance to hostile enchantments.
   It has a curse placed upon it.
Missiles
 g - 112 sling bullets
 m - 6 javelins (quivered)
 A - a throwing net
Armour
 e - a +3 ring mail of magic resistance (worn)
 x - a +1 hat (worn)
Jewellery
 p - a ring of ice (left hand)
 q - a ring of protection from magic (right hand)
 s - a +3 ring of dexterity
 F - an uncursed ring of protection from magic
 J - an uncursed ring of stealth
 O - a cursed -2 ring of strength {unknown}
 P - a cursed -2 ring of protection {unknown}
 Q - an uncursed ring of wizardry {unknown}
Wands
 l - a wand of acid (10)
 y - a wand of digging (4)
 B - a wand of disintegration (9)
 I - a wand of polymorph (10)
 R - a wand of iceblast (8)
Scrolls
 d - 9 scrolls of identify
 j - 7 scrolls of magic mapping
 r - 5 scrolls of blinking
 t - 5 scrolls of amnesia
 v - 10 scrolls of remove curse
 D - a scroll of enchant weapon
 E - 4 scrolls of teleportation
 L - a scroll of silence {unknown}
 S - a scroll of vulnerability {unknown}
 T - a scroll of enchant armour
Potions
 b - 3 potions of brilliance
 f - a potion of invisibility
 h - 5 potions of haste
 k - 7 potions of curing
 n - 4 potions of heal wounds
 o - 5 potions of might
 u - 7 potions of flight
 w - 6 potions of lignification
 z - a potion of berserk rage
 C - a potion of ambrosia
 N - 2 potions of agility
Comestibles
 c - 18 rations


   Skills:
 + Level 13.0 Fighting
 - Level 14.0 Polearms
 - Level 1.3 Armour
 - Level 0.6 Dodging
 + Level 0.6 Evocations


You had 8 spell levels left.
You knew the following spells:

 Your Spells              Type           Power        Failure   Level  Hunger
a - Regeneration          Chrm/Necr      #.........   88%         3    ####...

Your spell library contained the following spells:

 Spells                   Type           Power        Failure   Level  Hunger
 Animate Skeleton         Necr           N/A          54%         1    ##.....
 Beastly Appendage        Tmut           #.....       54%         1    ##.....
 Freeze                   Ice            #...         54%         1    ##.....
 Pain                     Necr           #...         54%         1    ##.....
 Sandblast                Erth           #.....       54%         1    ##.....
 Passwall                 Tmut/Erth      #.......     67%         2    ###....
 Sticks to Snakes         Tmut           #.......     67%         2    ###....
 Throw Frost              Conj/Ice       #.....       67%         2    ###....
 Ozocubu's Armour         Chrm/Ice       #.......     88%         3    ####...
 Spider Form              Tmut/Pois      #.........   88%         3    ####...
 Stone Arrow              Conj/Erth      #.....       88%         3    ####...
 Vampiric Draining        Necr           #.........   88%         3    ####...
 Animate Dead             Necr           N/A          99%         4    #####..
 Ice Form                 Ice/Tmut       #.......     99%         4    #####..
 Petrify                  Tmut/Erth      #.......     99%         4    #####..
 Summon Ice Beast         Ice/Summ       #.......     99%         4    #####..
 Throw Icicle             Conj/Ice       #.......     99%         4    #####..
 Blade Hands              Tmut           #.........   100%        5    ######.
 Lee's Rapid Deconstruct  Erth           #.........   100%        5    ######.


Dungeon Overview and Level Annotations

Branches:
Dungeon (11/15)            Temple (0/1) D:6            Lair (4/6) D:9
 Shoals (0/4) Lair:4        Snake (0/4) Lair:2          Orc (0/2) D:11

Altars:
Ashenzari
Cheibriados
Elyvilon
Fedhas
Hepliaklqana
Nemelex Xobeh
Okawaru
Ru
Sif Muna
Trog
Uskayaw
Xom
Yredelemnul
Zin

Shops:
D:6 *   D:10 [

Annotations:
D:9 1 runed translucent door, auberdahn's ghost, novice DDEE


Innate Abilities, Weirdness & Mutations

You have hooves in place of feet.
Armour fits poorly on your strangely shaped body.
You cover ground very quickly.
You have extremely tough skin. (AC +3)
You have a pair of small horns on your head.
You are surrounded by a mild repulsion field. (EV +2)
You are agile. (Dex +2)
You possess an exceptional clarity of mind.
Your mind is acute. (Int +2)
You passively map a small area around you.
You are covered in fur. (AC +1)
Your muscles are strong. (Str +2)
Your spells are a little harder to cast, but a little more powerful.
You expend magic power (3 MP) to strengthen your wands.


Message History

You are too injured to fight recklessly!
You are too injured to fight recklessly!
You impale the entropy weaver!! You burn the entropy weaver!
Your kick misses the entropy weaver.
The entropy weaver is heavily wounded.
The entropy weaver hits you! The entropy weaver hits you.
The entropy weaver barely misses you. The entropy weaver hits you!
* * * LOW HITPOINT WARNING * * *
You puncture the entropy weaver! You burn the entropy weaver.
You kick the entropy weaver, but do no damage.
The entropy weaver is severely wounded.
The entropy weaver hits you!
* * * LOW HITPOINT WARNING * * *
The entropy weaver hits you.
* * * LOW HITPOINT WARNING * * *
The entropy weaver hits you!
* * * LOW HITPOINT WARNING * * *
The entropy weaver hits you!
You die...
Xom chortles!

.............#.............P....#
...8...'.#.8.#.....8...#....P...#
.......#.#...............♣.P....#
.##..#.#.#...#.#....#..#..♣......
#....|.##.....###.....###.♣......
##...##.###..#.....(###...♣...P..
.....#...#...##........#.........
.....##.......#........##..♣♣♣...
.....##.#8.<.8..@.....###..#♣♣...
..P.###.#.....#.a.....###.#....♣.
..P.##..##.8.#.......###....##...
....P....#####..[....##...####..#
.......#..####.......#....# ####
.......#.##.#..#..........#
.....#...###)[...#.......##
......_..###.#.......#....#
.........#.#...P.#........#


You could see an entropy weaver.

Vanquished Creatures
  Fannar (Lair:3)
  A hydra (D:11)
  A two-headed ogre (D:9)
  A queen ant (Lair:3)
  4 oklob plants (Lair:1)
  4 black mambas
  3 spiny frogs
  3 komodo dragons
  A troll (D:11)
  2 polar bears
  A hornet (Lair:1)
  5 hippogriffs
  3 blink frogs (Lair:1)
  2 spriggans
  A vampire (D:10)
  10 yaks
  A basilisk (Lair:1)
  3 hungry ghosts
  A naga (Lair:2)
  3 soldier ants (Lair:4)
  3 water moccasins
  Duvessa (D:5)
  4 porcupines
  An ice beast (D:5)
  2 orc warriors
  3 black bears
  A phantom (D:4)
  3 sky beasts
  3 ogres
  An eye of draining (D:11)
  A wolf (Lair:1)
  5 centaurs
  6 crocodiles
  A big kobold (D:10)
  9 bullfrogs
  Dowan (D:5)
  A gnoll sergeant (D:7)
  A wyvern skeleton (D:6)
  6 killer bees (D:7)
  A scorpion (D:10)
  3 howler monkeys
  4 wights
  5 crimson imps
  4 centaur zombies
  A hound (D:10)
  4 orc priests
  A gnoll shaman (D:4)
  3 orc wizards
  3 iguanas
  14 worker ants
  A hound skeleton (D:4)
  A howler monkey skeleton (D:4)
  8 adders
  8 gnolls
  2 adder skeletons
  2 worms
  3 dart slugs
  4 leopard geckos
  12 orcs
  4 bats
  5 giant cockroaches
  4 hobgoblins
  3 jackals (D:10)
  7 quokkas
  3 ball pythons
  4 frilled lizards
  7 goblins
  A jackal skeleton (D:4)
  A jackal zombie (D:6)
  12 kobolds
  A leopard gecko skeleton (D:8)
  A quokka skeleton (D:6)
  11 rats
  A spectral orc (D:5)
  2 plants (Lair:1)
255 creatures vanquished.

Vanquished Creatures (collateral kills)
  Eustachio (D:5)
  An orc warrior (D:5)
  A bullfrog (D:9)
  A scorpion (D:5)
  2 wights (D:9)
  An orc wizard (D:5)
  3 worker ants
  3 orcs (D:5)
  2 plants (D:9)
15 creatures vanquished.

Vanquished Creatures (others)
  An orc (D:5)
  A bush (Lair:3)
  2 plants
4 creatures vanquished.

Grand Total: 274 creatures vanquished

Notes
Turn   | Place    | Note
-------+----------+-------------------------------------------
     0 | D:1      | Kranky the Centaur Chaos Knight began the quest for the
                  | Orb.
     0 | D:1      | Reached XP level 1. HP: 19/19 MP: 1/1
   122 | D:1      | Reached skill level 3 in Polearms
   141 | D:1      | Reached XP level 2. HP: 26/26 MP: 2/2
   203 | D:1      | XOM: divination: magic mapping
   459 | D:1      | XOM: harmless Conj miscast
   603 | D:1      | XOM: divination: detect items
   802 | D:2      | Found a shattered altar of Ashenzari.
   828 | D:2      | XOM: snakes to sticks
   899 | D:2      | Reached XP level 3. HP: 25/33 MP: 3/3
  1525 | D:2      | XOM is BORED!
  1525 | D:2      | XOM: mild Fire miscast
  1827 | D:2      | XOM: mild Ice miscast
  1931 | D:2      | Reached XP level 4. HP: 40/40 MP: 4/4
  2308 | D:3      | HP: 1/40 [goblin/+0 club (2)]
  2505 | D:2      | XOM: medium Summ miscast
  2506 | D:2      | Noticed a small abomination
  2509 | D:2      | HP: 1/40 [small abomination[the capriciousness of Xom] (3)]
  2854 | D:2      | Reached skill level 4 in Polearms
  3126 | D:3      | Reached XP level 5. HP: 46/46 MP: 5/5
  3142 | D:3      | Found a hide-covered altar of Uskayaw.
  3811 | D:3      | XOM: enchant monster (bad)
  3814 | D:3      | XOM: summons friendly crimson imp
  3817 | D:3      | Reached skill level 5 in Polearms
  3829 | D:4      | Reached XP level 6. HP: 48/53 MP: 6/6
  3860 | D:4      | XOM: summons 5 friendly demons
  3982 | D:4      | Found Guogeva's Gadget Shop.
  4166 | D:4      | Reached skill level 5 in Fighting
  4176 | D:4      | Reached skill level 6 in Polearms
  4344 | D:4      | XOM: god gift: plate armour {god gift}
  4415 | D:4      | Reached XP level 7. HP: 56/61 MP: 7/7
  4814 | D:5      | Entered Level 5 of the Dungeon
  5007 | D:5      | Reached skill level 7 in Polearms
  5272 | D:5      | Noticed Duvessa
  5287 | D:5      | Killed Duvessa
  5310 | D:5      | XOM: god gift: ration
  5341 | D:5      | Noticed Dowan
  5347 | D:5      | XOM: swap monsters
  5352 | D:5      | Killed Dowan
  5365 | D:5      | Noticed Eustachio
  5384 | D:5      | Killed Eustachio
  5384 | D:5      | Reached XP level 8. HP: 63/70 MP: 8/8
  5405 | D:5      | XOM: divination: detect items
  5485 | D:5      | Reached skill level 8 in Polearms
  5628 | D:5      | XOM: cloud trail
  5955 | D:5      | Found a basalt altar of Yredelemnul.
  5957 | D:5      | XOM: mild Tmut miscast
  6093 | D:6      | Found Dekhimn's Desiderata Depot.
  6170 | D:6      | Found a staircase to the Ecumenical Temple.
  6195 | D:6      | XOM: mild Chrm miscast
  6226 | D:6      | XOM: cleaving
  6232 | D:6      | Reached skill level 9 in Polearms
  6337 | D:6      | XOM: confusion
  6627 | D:6      | XOM: confusion
  7215 | D:7      | XOM: noise
  7240 | D:7      | XOM: harmless Erth miscast
  7268 | D:7      | XOM: scenery: create altars
  7269 | D:7      | Reached XP level 9. HP: 55/78 MP: 9/9
  7276 | D:7      | XOM: fog
  7279 | D:7      | XOM: divination: detect creatures
  7308 | D:7      | XOM: give mutations
  7308 | D:7      | Gained mutation: You are agile. (Dex +2) [Xom's grace]
  7308 | D:7      | Gained mutation: Your muscles are strong. (Str +2) [Xom's
                  | grace]
  7415 | D:7      | XOM: scenery: create altars
  7583 | D:7      | XOM: give mutation
  7583 | D:7      | Gained mutation: Your spells are a little harder to cast,
                  | but a little more powerful. [Xom's grace]
  7626 | D:7      | Found a sparkling altar of Nemelex Xobeh.
  7684 | D:7      | Found a bloodstained altar of Trog.
  7884 | D:7      | XOM: scenery: create altars
  7967 | D:7      | Found a sacrificial altar of Ru.
  7974 | D:7      | XOM: god gift: potion of flight
  7995 | D:7      | Reached skill level 10 in Polearms
  8063 | D:7      | XOM: god gift: ring mail {god gift}
  8448 | D:8      | XOM: scenery: create altars
  8495 | D:8      | Found a white marble altar of Elyvilon.
  8502 | D:8      | Found a hazy altar of Hepliaklqana.
  8509 | D:8      | Found a glowing silver altar of Zin.
  8516 | D:8      | Found a blossoming altar of Fedhas.
  8523 | D:8      | Found an iron altar of Okawaru.
  8530 | D:8      | Found a snail-covered altar of Cheibriados.
  8535 | D:8      | Found a shimmering blue altar of Sif Muna.
  9093 | D:9      | XOM: summons 5 friendly demons
  9139 | D:9      | XOM: destruction
  9143 | D:9      | XOM: fog
  9164 | D:9      | Noticed a two-headed ogre
  9234 | D:8      | XOM: give mutations
  9234 | D:8      | Gained mutation: Your mind is acute. (Int +2) [Xom's grace]
  9234 | D:8      | Gained mutation: You passively map a small area around you.
                  | [Xom's grace]
  9234 | D:8      | Gained mutation: You expend magic power (3 MP) to
                  | strengthen your wands. [Xom's grace]
  9234 | D:8      | Gained mutation: You have a pair of small horns on your
                  | head. [Xom's grace]
  9239 | D:8      | Learned a level 3 spell: Regeneration
  9370 | D:9      | Killed a two-headed ogre
  9370 | D:9      | Reached skill level 11 in Polearms
  9415 | D:9      | Noticed auberdahn's ghost (novice DDEE)
  9545 | D:9      | Reached XP level 10. HP: 90/90 MP: 10/10
  9571 | D:9      | Found a runed translucent door.
  9625 | D:9      | Found a staircase to the Lair.
  9713 | D:9      | XOM: god gift: 50 gold pieces
  9744 | D:10     | Entered Level 10 of the Dungeon
  9993 | D:10     | XOM: divination: detect items
 10006 | D:10     | XOM: summons friendly crimson imp
 10008 | D:10     | XOM: polymorph crimson imp -> iron imp
 10009 | D:10     | XOM: divination: detect items
 10011 | D:10     | XOM: cast spell 'Summon Ice Beast'
 10018 | D:10     | XOM: confuse monster(s)
 10111 | D:10     | XOM: potion effect (invisibility)
 10117 | D:10     | Reached skill level 12 in Polearms
 10128 | D:10     | XOM is BORED!
 10128 | D:10     | XOM: noise
 10223 | D:10     | Got a smoking hand axe
 10224 | D:10     | Identified the cursed +0 hand axe of Ehemomasm {venom, rC+
                  | MR+ Str+2} (You found it on level 10 of the Dungeon)
 10387 | D:10     | Found Fupt's Antique Armour Emporium.
 10664 | D:10     | XOM is BORED!
 10664 | D:10     | XOM: severe Conj miscast
 10695 | D:10     | XOM: summons 2 friendly demons
 10983 | D:11     | XOM: divination: detect creatures
 10991 | D:11     | XOM: 7-stop teleportation journey
 11025 | D:11     | XOM: potion effect (might)
 11036 | D:11     | XOM: mild Summ miscast
 11251 | D:11     | Found a staircase to the Orcish Mines.
 11425 | D:11     | Noticed a six-headed hydra
 11432 | D:11     | Killed a three-headed hydra
 11630 | D:11     | XOM: confusion (+ monsters)
 11639 | D:11     | Reached skill level 13 in Polearms
 11960 | Lair:1   | Entered Level 1 of the Lair of Beasts
 11974 | Lair:1   | Noticed a spiny frog
 11975 | Lair:1   | XOM: harmless Fire miscast
 11979 | Lair:1   | Killed a spiny frog
 11979 | Lair:1   | Reached XP level 11. HP: 77/99 MP: 11/11
 12078 | Lair:1   | XOM: polymorph blink frog -> hornet
 12108 | Lair:1   | XOM: swap monsters
 12298 | Lair:1   | XOM: polymorph bullfrog -> wolf
 12337 | Lair:1   | Reached skill level 10 in Fighting
 12694 | Lair:1   | Noticed an oklob plant
 12696 | Lair:1   | Noticed an oklob plant
 12705 | Lair:1   | XOM: potion effect (agility)
 12713 | Lair:1   | Killed an oklob plant
 12714 | Lair:1   | Noticed an oklob plant
 12716 | Lair:1   | XOM: silly message
 12720 | Lair:1   | XOM: harmless Tloc miscast
 12729 | Lair:1   | Killed an oklob plant
 12732 | Lair:1   | Killed an oklob plant
 12772 | Lair:1   | Noticed an oklob plant
 12788 | Lair:1   | Killed an oklob plant
 12798 | Lair:1   | XOM: divination: detect creatures
 12811 | Lair:1   | XOM: harmless Summ miscast
 13065 | Lair:2   | XOM: harmless Summ miscast
 13323 | Lair:2   | XOM: harmless Erth miscast
 13537 | Lair:2   | XOM: noise
 13600 | Lair:2   | Found a staircase to the Snake Pit.
 13605 | Lair:2   | Reached skill level 14 in Polearms
 13934 | Lair:2   | XOM: stat loss: -1 Int (12/13)
 14012 | Lair:3   | XOM: noise
 14362 | Lair:3   | Noticed Fannar
 14379 | Lair:3   | Killed Fannar
 14592 | Lair:3   | XOM: scenery: 1 doors open
 14628 | Lair:3   | XOM: divination: detect items
 14630 | Lair:3   | XOM: give mutations
 14630 | Lair:3   | Gained mutation: You are surrounded by a mild repulsion
                  | field. (EV +2) [Xom's grace]
 14630 | Lair:3   | Gained mutation: You possess an exceptional clarity of
                  | mind. [Xom's grace]
 14630 | Lair:3   | Gained mutation: You are covered in fur. (AC +1) [Xom's
                  | grace]
 14703 | Lair:3   | XOM: cleaving
 14714 | Lair:3   | Reached XP level 12. HP: 40/112 MP: 12/12
 14731 | Lair:3   | XOM: 3-stop teleportation journey
 14772 | Lair:3   | XOM: god gift: 43 gold pieces
 14885 | Lair:3   | XOM: draining
 14978 | Lair:3   | XOM: harmless Summ miscast
 15018 | Lair:3   | XOM: scenery: create altars
 15054 | Lair:3   | XOM: divination: detect items
 15279 | Lair:3   | XOM: harmless Tloc miscast
 15320 | Lair:3   | XOM: divination: detect creatures
 15467 | Lair:4   | XOM: cast spell 'Summon Butterflies'
 15518 | Lair:3   | XOM is BORED!
 15518 | Lair:3   | XOM: noise
 15753 | Lair:4   | XOM: cleaving
 15754 | Lair:3   | XOM: cast spell 'Disjunction'
 15791 | Lair:3   | XOM: god gift: robe {god gift}
 15862 | Lair:4   | XOM: confuse monster(s)
 15954 | Lair:4   | Noticed an entropy weaver
 15955 | Lair:4   | Noticed an entropy weaver
 15955 | Lair:4   | Noticed a queen ant
 15961 | Lair:4   | XOM: confuse monster(s)
 15965 | Lair:4   | XOM: summons friendly shadow imp
 15966 | Lair:4   | XOM: scenery: create altars
 15984 | Lair:3   | Killed a queen ant
 16051 | Lair:4   | XOM: enchant monster (good)
 16056 | Lair:4   | XOM: destruction
 16086 | Lair:3   | HP: 3/115 [entropy weaver (9)]
 16086 | Lair:3   | Mangled by an entropy weaver

Levels and vault maps discovered:
D:1:      dpeg_arrival_ternary, layout_basic
D:2:      layout_basic, chequers_big_river, st_stairs_8, evilmike_ruin_ashenzari
D:3:      layout_rooms, lemuel_crystal_altar, first_ration
D:4:      layout_loops_ring, serial_shops, shop, kennysheep_potato
D:5:      layout_loops_corners, yredelemnul_forgotten_temple_becter,
          minmay_misc_feat_encased, serial_bayou_pond_a,
          guppyfry_early_orc_mine, uniq_duvessa, uniq_eustachio
D:6:      layout_layer_cave, minmay_temple_entry_arrows, nicolae_alphabet_shops
D:7:      layout_loops_ring, nicolae_ru_awakened_eye, kennysheep_mini,
          trog_three_pillars_becter
D:8:      layout_loops_ring, grunt_temple_overflow_octagram
D:9:      layout_rooms, grunt_lair_entry_orc_guard_hut,
          hellmonk_ghost_happy_afterlife
D:10:     layout_stronghold, serial_shops, nicolae_shop_behind_doors
D:11:     layout_loops_cross, orc_0_dummy, the_bakery
Lair:1:   minmay_lair_oklob_tunnel, layout_regular_city, serial_bayou_shore_b,
          serial_bayou_shore_b
Lair:2:   layout_roguey, guppyfry_snake_entry_garden
Lair:3:   layout_misc_corridors, grunt_forest_large_clearing_hut,
          grunt_megastairs_1, uniq_fannar
Lair:4:   layout_concentric_octagons, elwin_shoals_entry_stream, st_stairs_11,
          zaba_anthell, uniq_urug, uniq_rupert
